 Dungeon Crawl Stone Soup version 0.31-a0-596-g831eee08f1 (webtiles) character file.

Game seed: 16115466012382789849

53 RepHenryClay the Conjurer (level 3, 0/21 HPs)
             Began as an Octopode Conjurer on Aug 20, 2023.
             Slain by a worm (9 damage)
             ... on level 2 of the Dungeon.
             The game lasted 00:02:03 (1673 turns).

RepHenryClay the Conjurer (Octopode Conjurer)       Turns: 1673, Time: 00:02:04

Health: 0/21       AC:  1    Str:  6    XL:     3   Next: 87%
Magic:  0/6        EV: 13    Int: 22    God:
Gold:   114        SH:  0    Dex: 10    Spells: 5/6 levels left

rFire   . . .        (no weapon)
rCold   . . .        (no shield)
rNeg    . . .        (helmet restricted)
rPois   .            (no amulet)
rElec   .            (no ring)
rCorr   .            (no ring)
SInv    .            (no ring)
Will    .....        (no ring)
Stlth   +++          (no ring)
HPRegen 0.23/turn    (no ring)
MPRegen 0.10/turn    (no ring)
                     (no ring)

%: no passive effects
@: no status effects
A: almost no armour, amphibious, 8 rings, camouflage 1, gelatinous body 1,
(nimble swimmer 1), tentacles
a: no special abilities


You were on level 2 of the Dungeon.
You visited 1 branch of the dungeon, and saw 2 of its levels.

You collected 114 gold pieces.

Inventory:

Magical Staves
 d - a staff of air
Scrolls
 b - a scroll of fog {unknown}
 c - a scroll of vulnerability {unknown}
 e - a scroll of fear {unknown}
Potions
 a - a potion of magic
 f - a potion of berserk rage {unknown}
 g - a potion of brilliance {unknown}


   Skills:
 - Level 2.0 Dodging
 - Level 2.7 Stealth
 - Level 2.0 Spellcasting
 + Level 5.3 Conjurations


You had 5 spell levels left.
You knew the following spells:

 Your Spells              Type           Power      Damage    Failure   Level
a - Magic Dart            Conj           100%       1d8       1%          1

Your spell library contained the following spells:

 Spells                   Type           Power      Damage    Failure   Level
 Searing Ray              Conj           50%        2d6       2%          2
 Summon Small Mammal      Summ           8%         N/A       14%         1
 Dazzling Flash           Conj/Hex       28%        N/A       14%         3
 Call Canine Familiar     Summ           2%         N/A       38%         3
 Summon Guardian Golem    Hex/Summ       2%         N/A       38%         3
 Fulminant Prism          Conj/Hex       7%         3d7       41%         4
 Iskenderun's Mystic Bla  Conj/Tloc      14%        2d5       41%         4


Dungeon Overview and Level Annotations

Branches:
Dungeon (2/15)

Altars:


Innate Abilities, Weirdness & Mutations

You cannot wear most types of armour.
You are amphibious.
You can wear up to eight rings at the same time.
Your skin changes colour to match your surroundings (Stealth+).
Your rubbery body absorbs attacks. (AC +1, EV +1)
((You are camouflaged when in or above water. (Stealth+)))
You have tentacles for arms and can constrict up to eight enemies at once.


Message History

Confirm with . or Enter, or press ? or * to list all spells.
You don't have enough magic to cast this spell.
Casting: Magic Dart (safe; 1% risk of failure)
Confirm with . or Enter, or press ? or * to list all spells.
You don't have enough magic to cast this spell.
The worm misses you.
Okay, then.
Okay, then.
You tentacle-slap the worm but do no damage.
You grab the worm.
You constrict the worm, but do no damage.
The worm bites you.
Huge Dmg: -23%(-5hp) hp: 77%(16hp)
You barely miss the worm. You constrict the worm. You tentacle-slap the worm.
The worm is lightly wounded.
You constrict the worm. The worm closely misses you.
You tentacle-slap the worm.
The worm is moderately wounded.
You constrict the worm. You tentacle-slap the worm.
The worm is moderately wounded.
You constrict the worm. The worm misses you.
You tentacle-slap the worm but do no damage.
The worm is moderately wounded.
You constrict the worm. The worm bites you!
Huge Dmg: -38%(-8hp) hp: 43%(9hp)
Casting: Magic Dart (safe; 1% risk of failure)
Confirm with . or Enter, or press ? or * to list all spells.
Aiming: Magic Dart (safe; 1% risk of failure)
Press: ? - help, Shift-Dir - straight line, f - worm
Aim: a worm (moderately wounded, constricted by you, 100% to hit)
The magic dart hits the worm!
The worm is severely wounded.
You constrict the worm, but do no damage.
Unknown command.
You tentacle-slap the worm.
The worm is severely wounded.
You constrict the worm. The worm bites you!
You die...

...............<..
#.#
#.#...........#
#.#
#...##.######.#
#.###.####.## #.##
#.....# #..#
##...## ###.#.###
##.# #.....#
..[...## #.#
#.....# ###....#
#.###.....###
...†...#
#....@w......
####...#
#.†####.####.
#..## #..# .#
####.[#### #..# .#
.........# #.†# .#
.##....#.# #..† ..
.##....# # #..# .
.##..### #..#
..#..#


You could see a worm.

Vanquished Creatures
  A gnoll (D:1)
  A dart slug (D:1)
  2 ball pythons
  6 bats
  4 endoplasms
  4 giant cockroaches
  3 goblins
  3 hobgoblins
  2 kobolds (D:1)
  3 quokkas (D:1)
  3 frilled lizards
  3 rats (D:1)
35 creatures vanquished.

Notes
Turn   | Place    | Note
-------+----------+-------------------------------------------
     0 | D:1      | RepHenryClay the Octopode Conjurer began the quest for the
                  | Orb.
     0 | D:1      | Reached XP level 1. HP: 11/11 MP: 3/3
   226 | D:1      | Reached XP level 2. HP: 17/17 MP: 1/5
  1057 | D:1      | Reached XP level 3. HP: 21/21 MP: 4/6
  1242 | D:1      | Reached skill level 5 in Conjurations
  1673 | D:2      | Slain by a worm

Illustrated notes

Levels and vault maps discovered:
D:1:      lemuel_arrival_lava_pool, layout_basic,
          nicolae_concentric_dashed_squares_wild, minmay_bisected
D:2:      layout_loops_ring, basic_altar, minmay_nonomino_d4, uniq_natasha

Skill      XL: |  1  2  3 |
---------------+----------+-----
Conjurations   | 5 |  5.3
Dodging        | |  2.0
Stealth        | |  2.7
Spellcasting   | |  2.0

Action                     || total
---------------------------++-------
  Melee: Unarmed           ||     8
         Tentacles         ||     1
         Constrict         ||     1
   Cast: Magic Dart        ||    71
  Dodge: Dodged            ||     5

Table legend: (Time is in decaauts)
 A = Elapsed time spent in this place.
 B = Non-inter-level travel time spent in this place.
 C = Inter-level travel time spent in this place.
 D = Time resting spent in this place.
 E = Time spent auto-exploring this place.
 F = Levels seen in this place.
 G = Mean time per level.
                   A        B        C        D        E       F      G
               +--------+--------+--------+--------+--------+-----+--------+
         Total |   1672 |   1635 |     37 |      0 |   1481 |   2 |  836.0 |
       Dungeon |   1672 |   1635 |     37 |      0 |   1481 |   2 |  836.0 |
               +--------+--------+--------+--------+--------+-----+--------+

Top non-repeatable levels by time:
     D:1: 1516 daAuts
     D:2: 156 daAuts
